 Dungeon Crawl Stone Soup version 0.18.1-8-gdd0e5ea (webtiles) character file.

2631 manyhoops the Firebug (level 9, -4/69 HPs)
             Began as a Demigod Fire Elementalist on May 26, 2016.
             Slain by a wyvern zombie (13 damage)
             ... on level 8 of the Dungeon.
             The game lasted 00:22:53 (7088 turns).

manyhoops the Firebug (Demigod Fire Elementalist)   Turns: 7088, Time: 00:22:53

Health: -4/69      AC:  8    Str:  7    XL:     9   Next: 13%
Magic:  32/32      EV: 17    Int: 25    God:
Gold:   96         SH:  0    Dex: 14    Spells: 6 memorised, 3 levels left

rFire  + . .     SeeInvis .     s - +7 Sceptre of Torment
rCold  + . .     Gourm    .     E - +2 robe {rC+ rF+}
rNeg   . . .     Faith    .     (no shield)
rPois  .         Spirit   .     u - +0 helmet
rElec  .         Dismiss  .     A - +0 cloak
rCorr  .         Reflect  .     v - +0 pair of gloves
SustAt +         Harm     .     (no boots)
MR     .....                    M - amulet of magic regeneration
Stlth  ++........               m - ring of magical power
                                J - +5 ring of evasion

@: not resistant to hostile enchantments, unstealthy
A: fangs 1, rugged brown scales 1, clumsy 1, deformed body, high mp 1, shaggy
fur 1, weak 2, sustain attributes
a: no special abilities


You were on level 8 of the Dungeon.
You were hungry.

You visited 1 branch of the dungeon, and saw 8 of its levels.
You also visited: Bailey.

You collected 436 gold pieces.
You spent 340 gold pieces at shops.

Inventory:

Hand Weapons
 n - a +1 club
 s - the +7 Sceptre of Torment (weapon)
   (You found it in a bailey)
 L - a +2 scimitar of protection
Missiles
 x - 15 tomahawks of returning
 y - 2 throwing nets (quivered)
Armour
 u - a +0 helmet (worn)
 v - a +0 pair of gloves (worn)
 A - a +0 cloak (worn)
 E - a +2 robe of resistance (worn)
Jewellery
 f - an uncursed ring of poison resistance
 h - an uncursed ring of protection from fire
 i - a cursed -2 ring of evasion
 m - a ring of magical power (right hand)
 H - an uncursed ring of protection from magic
 J - a +5 ring of evasion (left hand)
 K - an uncursed ring of protection from cold
 M - an amulet of magic regeneration (around neck)
Wands
 I - a wand of iceblast (7/15)
Scrolls
 e - 2 scrolls of teleportation
 g - 4 scrolls of recharging
 l - 3 scrolls of enchant weapon
 r - a scroll of noise
 F - a scroll of immolation
 O - 4 scrolls of identify
Potions
 a - a potion of berserk rage
 c - 2 potions of lignification
 d - 10 potions of curing
 j - 2 potions of cure mutation
 k - a potion of ambrosia
 o - 4 potions of heal wounds
 q - a potion of agility
 t - 2 potions of brilliance
 w - 5 potions of cancellation
 z - a potion of resistance
 B - 3 potions of haste
Books
 b - a book of Flames

   Spells                             Type                      Level
   a - Flame Tongue                   Conjuration/Fire             1
   b - Throw Flame                    Conjuration/Fire             2
   c - Conjure Flame                  Conjuration/Fire             3
   d - Inner Flame                    Hexes/Fire                   3
   e - Sticky Flame                   Conjuration/Fire             4
   f - Fireball                       Conjuration/Fire             5
 C - a book of Frost

   Spells                             Type                      Level
   a - Freeze                         Ice                          1
   b - Throw Frost                    Conjuration/Ice              2
   c - Ozocubu's Armour               Charms/Ice                   3
   d - Throw Icicle                   Conjuration/Ice              4
   e - Summon Ice Beast               Ice/Summoning                4
 Q - a Fen Folio

   Spells                             Type                      Level
   a - Corpse Rot                     Necromancy                   2
   b - Stone Arrow                    Conjuration/Earth            3
   c - Leda's Liquefaction            Hexes/Earth                  4
   d - Summon Forest                  Summoning/Translocation      5
   e - Hydra Form                     Transmutation                6
   f - Summon Hydra                   Summoning                    7
Comestibles
 p - 10 meat rations
 D - 3 beef jerkies
 G - a slice of pizza
 N - 4 fruits
 S - a bread ration


   Skills:
 + Level 1.7 Fighting
 - Level 1.7 Dodging
 - Level 1.7 Stealth
 + Level 6.7 Spellcasting
 + Level 5.9 Conjurations
 + Level 7.3 Fire Magic


You had 3 spell levels left.
You knew the following spells:

 Your Spells              Type           Power        Failure   Level  Hunger
a - Flame Tongue          Conj/Fire      #####        1%          1    None
b - Throw Flame           Conj/Fire      #####.       1%          2    None
c - Conjure Flame         Conj/Fire      #####...     1%          3    None
d - Inner Flame           Hex/Fire       ####....     6%          3    None
e - Sticky Flame          Conj/Fire      #####...     6%          4    ###....
f - Fireball              Conj/Fire      #####.....   14%         5    #####..


Dungeon Overview and Level Annotations

Branches:
Dungeon (8/15)             Temple (0/1) D:5
   Lair: D:8-11

Shops:
D:6 *   D:7 *


Innate Abilities, Weirdness & Mutations

You have an increased reservoir of magic (+10% MP).
Your attributes are resistant to harm.
You have very sharp teeth.
You are partially covered in rugged brown scales (AC +1, +3% HP).
You are clumsy. (Dex -2)
Armour fits poorly on your strangely shaped body.
You are covered in fur (AC +1).
You are very weak. (Str -4)


Message History

A wyvern zombie comes into view.
Found a club.
You see here 18 arrows.
A wyvern zombie is nearby!
A wyvern zombie is nearby!
A wyvern zombie is nearby!
Found a scroll of identify.
You found a teleport trap!
The helpless wyvern zombie fails to defend itself.
You sock the wyvern zombie! The wyvern zombie barely misses you.
You barely miss the wyvern zombie.
The wyvern zombie bites you but does no damage. x2
You thump the wyvern zombie!
Your body is wracked with pain!
The wyvern zombie misses you.
You hit the wyvern zombie.
Your body is wracked with pain!
* * * LOW HITPOINT WARNING * * *
The wyvern zombie bites you!
* * * LOW HITPOINT WARNING * * *
The wyvern zombie bites you!
You die...

### ### #.#######.#
#.(.......# #.#######.#
########.# #.#
.........# #.#
......)@.# #.#
......Z.....# #.#
..?.....^##..###.####
.........##.........#
............≈≈≈≈≈≈≈.#
.#.#........≈#####≈.####
#.#........ #...#≈...#.
# #........ #.∩())...(.
# #...#≈..(..


You could see a wyvern zombie.

Vanquished Creatures
  Eustachio (D:6)
  A wyvern (D:8)
  2 ice beasts (D:6)
  3 orc warriors (Bailey)
  3 sky beasts
  3 ogres
  A centaur (D:6)
  3 giant frogs (D:7)
  2 scorpions
  2 crimson imps (D:6)
  2 quasits
  A hound (D:4)
  6 orc wizards
  3 orc priests
  2 centaur skeletons (D:6)
  3 iguanas
  4 worker ants
  A hound skeleton (D:6)
  A hound zombie (D:3)
  10 gnolls
  5 adders
  2 oozes
  An adder skeleton (D:4)
  3 adder zombies
  A worm (D:3)
  A dart slug (D:3)
  4 giant geckos
  31 orcs
  12 giant cockroaches
  13 goblins
  2 hobgoblins (D:2)
  4 jackals
  3 quokkas
  2 ball pythons
  12 bats
  4 giant gecko skeletons
  6 giant newts
  A jackal zombie (D:3)
  13 kobolds
  A quokka skeleton (D:3)
  4 rats
179 creatures vanquished.

Notes
Turn   | Place    | Note
--------------------------------------------------------------
     0 | D:1      | manyhoops the Demigod Fire Elementalist began the quest for the Orb.
     0 | D:1      | Reached XP level 1. HP: 14/14 MP: 5/5
   241 | D:1      | Reached skill level 3 in Fire Magic
   498 | D:1      | Reached XP level 2. HP: 19/20 MP: 2/7
   923 | D:2      | Reached skill level 1 in Conjurations
  1126 | D:2      | Reached XP level 3. HP: 7/26 MP: 7/9
  1131 | D:2      | Learned a level 2 spell: Throw Flame
  1135 | D:2      | Learned a level 3 spell: Conjure Flame
  1699 | D:3      | Found a sacrificial altar of Ru.
  1769 | D:3      | Reached XP level 4. HP: 22/33 MP: 10/10
  1842 | D:3      | Found a shadowy altar of Dithmenos.
  2098 | D:3      | Found a shattered altar of Ashenzari.
  2416 | D:3      | Gained mutation: You are partially covered in rugged brown scales (AC +1, +3% HP). [potion of mutation]
  2416 | D:3      | Gained mutation: You are frail (-10% HP). [potion of mutation]
  2416 | D:3      | Lost mutation: You are frail (-10% HP). [potion of mutation]
  2417 | D:3      | Gained mutation: You are weak. (Str -2) [potion of mutation]
  2417 | D:3      | Gained mutation: You are clumsy. (Dex -2) [potion of mutation]
  2417 | D:3      | Gained mutation: Armour fits poorly on your strangely shaped body. [potion of mutation]
  2418 | D:3      | Gained mutation: You are very weak. (Str -4) [potion of mutation]
  2418 | D:3      | Gained mutation: You are covered in fur (AC +1). [potion of mutation]
  2418 | D:3      | Gained mutation: You have very sharp teeth. [potion of mutation]
  2584 | D:4      | Reached skill level 4 in Fire Magic
  2584 | D:4      | Reached XP level 5. HP: 31/39 MP: 8/12
  2940 | D:4      | Learned a level 3 spell: Inner Flame
  3157 | D:4      | Reached XP level 6. HP: 47/47 MP: 14/14
  3538 | D:5      | Entered Level 5 of the Dungeon
  3674 | D:5      | Found a staircase to the Ecumenical Temple.
  3740 | D:5      | Found a deep blue altar of Sif Muna.
  3742 | D:5      | Found a glowing golden altar of the Shining One.
  3744 | D:5      | Found a sparkling altar of Nemelex Xobeh.
  3744 | D:5      | Found a sacrificial altar of Ru.
  3744 | D:5      | Found a snail-covered altar of Cheibriados.
  3744 | D:5      | Found a shimmering altar of Xom.
  3745 | D:5      | Found a white marble altar of Elyvilon.
  4242 | D:5      | Learned a level 4 spell: Sticky Flame
  4587 | D:6      | Found Enoob's General Store.
  4591 | D:6      | Bought a +2 scimitar of protection for 235 gold pieces
  4622 | D:6      | Reached skill level 1 in Fighting
  4622 | D:6      | Reached skill level 5 in Fire Magic
  4622 | D:6      | Reached XP level 7. HP: 53/53 MP: 16/16
  4804 | D:6      | Noticed Eustachio
  4819 | D:6      | Killed Eustachio
  5089 | D:6      | Reached skill level 5 in Spellcasting
  5196 | D:6      | Found a bloodstained altar of Trog.
  5260 | D:6      | Reached XP level 8. HP: 60/60 MP: 15/19
  5347 | D:6      | Reached skill level 6 in Fire Magic
  5426 | D:6      | Reached skill level 5 in Conjurations
  6044 | D:7      | Found Fenosh's Assorted Antiques.
  6052 | D:7      | Bought a scroll labeled BARENA GAZIY for 21 gold pieces
  6052 | D:7      | Bought a potion of curing for 63 gold pieces
  6052 | D:7      | Bought a scroll labeled POASIUHIYQUO for 21 gold pieces
  6366 | D:7      | Reached skill level 7 in Fire Magic
  6751 | D:8      | Found a flagged portal.
  6766 | Bailey   | Entered a bailey
  6824 | Bailey   | Reached XP level 9. HP: 65/65 MP: 22/22
  6831 | Bailey   | Learned a level 5 spell: Fireball
  6948 | Bailey   | Found a burning altar of Makhleb.
  7088 | D:8      | Slain by a wyvern zombie

Skill      XL: |  1  2  3  4  5  6  7  8 |
---------------+-------------------------+-----
Fire Magic     | 3 4 5 7 |  7.3
Spellcasting   | 2 3 4 5 6 |  6.7
Conjurations   | 1 2 3 4 5 |  5.9
Fighting       | 1 |  1.7
Dodging        | |  1.7
Stealth        | |  1.7

Action                   |  1- 3 |  4- 6 |  7- 9 || total
-------------------------+-------+-------+-------++-------
Melee: Unarmed           |     4 |       |       ||     4
       Club              |    14 |    62 |       ||    76
       Scimitar          |       |       |    60 ||    60
       Bite              |       |       |     3 ||     3
       Staff             |       |       |     4 ||     4
 Cast: Flame Tongue      |    58 |   125 |   146 ||   329
       Throw Flame       |     6 |    19 |    26 ||    51
       Conjure Flame     |       |     7 |     5 ||    12
       Sticky Flame      |       |       |    16 ||    16
       Inner Flame       |       |       |     2 ||     2
Evoke: Wand              |       |       |     1 ||     1
  Use: Scroll            |     6 |     6 |    13 ||    25
       Potion            |       |     3 |       ||     3
 Stab: Sleeping          |       |       |     1 ||     1
  Eat: Chunk             |     3 |    11 |     3 ||    17
       Bread ration      |       |       |     1 ||     1
       Pizza             |       |       |     1 ||     1
Armor: Robe              |    15 |    42 |    51 ||   108
Dodge: Dodged            |    46 |    69 |   189 ||   304
